 Dungeon Crawl Stone Soup version 0.28.0-1-gb440e238dd (webtiles) character file.

Game seed: 16064552975720311791

8017 Peloso the Carver (level 11, 0/97 HPs)
             Began as a Minotaur Fighter on Feb 20, 2022.
             Was a Believer of Okawaru.
             Slain by Sonja (7 damage)
             ... on level 10 of the Dungeon.
             The game lasted 00:14:32 (11834 turns).

Peloso the Carver (Minotaur Fighter)               Turns: 11834, Time: 00:14:35

Health: 0/97       AC: 18    Str: 24    XL:     11   Next: 4%
Magic:  10/10      EV:  8    Int:  5    God:    Okawaru [**....]
Gold:   493        SH:  5    Dex: 11    Spells: 10/10 levels left

rFire   + . .      SeeInvis .   a - +3 long sword (freeze)
rCold   . . .      Faith    +   c - +0 buckler
rNeg    . . .      Spirit   .   o - +0 plate armour
rPois   +          Reflect  .   (helmet restricted)
rElec   .          Harm     .   A - +0 cloak
rCorr   .          Rampage  .   j - +0 pair of gloves
Will    .....                   (no boots)
Stlth   ..........              n - amulet of faith
HPRegen 0.26/turn               l - ring of protection from fire
MPRegen 0.12/turn               i - ring of poison resistance

@: no status effects
A: horns 2, retaliatory headbutt
a: Renounce Religion, Heroism


You were on level 10 of the Dungeon.
You worshipped Okawaru.
Okawaru was pleased with you.
You visited 2 branches of the dungeon, and saw 11 of its levels.

You collected 493 gold pieces.

Inventory:

Hand Weapons
 a - a +3 long sword of freezing (weapon)
Missiles
 w - 4 throwing nets (quivered)
Armour
 c - a +0 buckler (worn)
 j - a +0 pair of gloves (worn)
 o - a +0 plate armour (worn)
 A - a +0 cloak (worn)
Magical Staves
 b - a staff of fire
Jewellery
 i - a ring of poison resistance (right hand)
 l - a ring of protection from fire (left hand)
 m - a +4 ring of evasion
 n - an amulet of faith (around neck)
 y - the ring of Vurphipt {rElec rC+ Str+3 Int+2 Dex-5}
   (You found it on level 6 of the Dungeon)

   [ring of protection from cold]

   Str:       It affects your strength (+3).
   Int:       It affects your intelligence (+2).
   Dex:       It affects your dexterity (-5).
   rC:        It protects you from cold.
   rElec:     It insulates you from electricity.
 L - a ring of flight
Wands
 F - a wand of digging (4)
 I - a wand of paralysis (5)
 J - a wand of polymorph (5)
 K - a wand of flame (14)
Scrolls
 e - 5 scrolls of teleportation
 g - a scroll of amnesia
 k - 2 scrolls of noise
 r - 4 scrolls of enchant weapon
 s - 2 scrolls of enchant armour
 z - 2 scrolls of blinking {unknown}
 D - 3 scrolls of identify
 E - a scroll of torment {unknown}
 G - a scroll of brand weapon {unknown}
 H - a scroll of immolation {unknown}
Potions
 d - 2 potions of might
 f - 4 potions of haste
 h - 4 potions of cancellation
 p - 6 potions of curing
 q - 2 potions of mutation
 t - 2 potions of degeneration {unknown}
 u - a potion of magic {unknown}
 v - 2 potions of lignification {unknown}
 x - a potion of attraction {unknown}
 B - a potion of resistance {unknown}
 C - 3 potions of flight {unknown}


   Skills:
 + Level 9.2 Fighting
 + Level 12.8 Long Blades
 + Level 11.8 Armour
 + Level 2.5 Dodging
 + Level 1.0 Stealth
 + Level 7.7 Shields
 + Level 0.1 Invocations


You had 10 spell levels left.
You didn't know any spells.
Your spell library contained the following spells:

 Spells                   Type           Power      Damage    Failure   Level
 Freeze                   Ice            0%         1d3       100%        1
 Magic Dart               Conj           0%         1d3       100%        1
 Sting                    Tmut/Pois      0%         1d3       100%        1
 Passwall                 Tmut/Erth      0%         N/A       100%        2
 Poisonous Vapours        Pois/Air       0%         N/A       100%        2
 Frozen Ramparts          Ice            0%         1d2       100%        3
 Mephitic Cloud           Conj/Pois/Air  0%         N/A       100%        3
 Hailstorm                Conj/Ice       0%         3d3       100%        4
 Iskenderun's Mystic Bla  Conj/Tloc      0%         2d3       100%        4
 Olgreb's Toxic Radiance  Pois           0%         N/A       100%        4
 Borgnjor's Revivificati  Necr           0%         N/A       100%        8
 Necromutation            Tmut/Necr      0%         N/A       100%        8
 Death's Door             Necr           0%         N/A       100%        9
 Call Imp                 Summ           Unusable   N/A       N/A         2

Dungeon Overview and Level Annotations

Branches:
Dungeon (10/15)            Temple (1/1) D:7
   Lair: D:8-11         Orc: D:9-12

Altars:
Ashenzari
Cheibriados
Dithmenos
Elyvilon
Fedhas
Gozag
Hepliaklqana
Kikubaaqudgha
Makhleb
Nemelex Xobeh
Okawaru
Qazlal
Ru
Sif Muna
Trog
Uskayaw
Vehumet
Wu Jian
Xom
Yredelemnul
Zin
The Shining One
Ignis

Annotations:
D:10 Sonja


Innate Abilities, Weirdness & Mutations

You have a pair of horns on your head.
You reflexively headbutt those who attack you in melee.


Message History

There is an open door, spattered with blood here.
You hit the yak. You freeze the yak. Your headbutt misses the yak.
The yak is lightly wounded.
The yak gores you.
You hit the yak. You freeze the yak. Your headbutt misses the yak.
The yak is moderately wounded.
The yak gores you but does no damage.
You hit the yak but do no damage. Your headbutt misses the yak.
The yak is moderately wounded.
The yak gores you.
You slash the yak! You freeze the yak. You headbutt the yak, but do no damage.
The yak is heavily wounded.
You closely miss the yak.
The yak is heavily wounded.
The yak gores you!
You hit the yak but do no damage.
The yak is heavily wounded.
You block the yak's attack.
You slice the yak!! You freeze the yak.
You kill the yak!
Okawaru accepts your kill.
You fail to use your ability.
Sonja hits you but does no damage. Space warps horribly around you!
Sonja hits you with a +1 short sword of distortion.
Space warps horribly around you!
Sonja hits you with a +1 short sword of distortion.
Space warps around you.
You barely miss Sonja. Your headbutt misses Sonja. You block Sonja's attack.
Sonja hits you with a +1 short sword of distortion.
Space warps horribly around you.
Sonja hits you with a +1 short sword of distortion.
Space warps horribly around you!!
* * * LOW HITPOINT WARNING * * *
You miss Sonja. Sonja hits you but does no damage.
Space warps horribly around you!
* * * LOW HITPOINT WARNING * * *
Sonja hits you with a +1 short sword of distortion.
* * * LOW HITPOINT WARNING * * *
Space warps horribly around you!
You die...

#...........#...##....##....#....
............#.........#.....+....
....).......#.........#.....#....
.....o.#....#...####### #....
.###.o.#....#...##....# #....
##...#....#.........#######....
#...o#....##+###.....'....#....
#..o.#....#...##.....#....'....
#.p..#....#...@KY....#....#....
+...o'....#...###)#########....
#.<..#..h.#...#.)..............
######..o.#####................
..........h..........K.........
..........................)....
...............##########'#)...
...............#.......Y..#....
...............#..........#....


You could see a yak and Sonja.

Vanquished Creatures
  Harold (D:7)
  Psyche (D:8)
  A hornet (D:10)
  A wyvern (D:8)
  A wraith (D:8)
  12 yaks
  A steam dragon (D:7)
  A human (D:10)
  A warg (D:10)
  Menkaure (D:5)
  An acid dragon (D:8)
  A water moccasin (D:7)
  6 orc warriors
  A necrophage (D:8)
  2 ice beasts
  A sky beast (D:6)
  3 ogres
  2 centaurs
  A phantom (D:5)
  A kobold brigand (D:9)
  6 bullfrogs
  2 scorpions
  A wyvern zombie (D:8)
  A gnoll sergeant (D:9)
  A wyvern skeleton (D:6)
  6 killer bees (D:8)
  A water moccasin skeleton (D:7)
  4 wights (D:8)
  2 bullfrog zombies
  A jelly (D:4)
  2 centaur zombies
  6 hounds
  A bullfrog skeleton (D:4)
  11 orc priests
  2 centaur skeletons
  A scorpion zombie (D:5)
  3 iguanas
  8 orc wizards
  A hound skeleton (D:5)
  2 howler monkey zombies
  6 gnolls
  4 adders
  2 white imps
  An ufetubus (D:4)
  An adder skeleton (D:4)
  2 worms
  2 dart slugs
  33 orcs
  6 ball pythons
  2 bats
  4 endoplasms
  4 giant cockroaches
  6 goblins
  5 hobgoblins
  10 jackals
  4 quokkas
  4 frilled lizards
  10 kobolds
  8 rats
216 creatures vanquished.

Vanquished Creatures (others)
  A plant (D:2)
1 creature vanquished.

Grand Total: 217 creatures vanquished

Notes
Turn   | Place    | Note
-------+----------+-------------------------------------------
     0 | D:1      | Peloso the Minotaur Fighter began the quest for the Orb.
     0 | D:1      | Reached XP level 1. HP: 19/19 MP: 0/0
   399 | D:1      | Reached XP level 2. HP: 27/27 MP: 1/1
   577 | D:1      | Found a faded altar of an unknown god.
   804 | D:2      | Reached XP level 3. HP: 33/33 MP: 2/2
   985 | D:2      | Found an opulent altar of Gozag.
  1001 | D:2      | Reached skill level 3 in Long Blades
  1956 | D:3      | Reached XP level 4. HP: 10/41 MP: 3/3
  2501 | D:3      | Reached skill level 4 in Long Blades
  2526 | D:3      | Reached XP level 5. HP: 42/47 MP: 4/4
  2670 | D:3      | Reached skill level 5 in Armour
  3484 | D:4      | Reached XP level 6. HP: 27/53 MP: 5/5
  3902 | D:4      | Reached skill level 5 in Shields
  4048 | D:5      | Entered Level 5 of the Dungeon
  4367 | D:5      | Noticed an orc warrior
  4373 | D:5      | Reached skill level 5 in Fighting
  4398 | D:5      | Reached XP level 7. HP: 38/61 MP: 6/6
  4405 | D:5      | Reached skill level 5 in Long Blades
  4666 | D:5      | Noticed Menkaure
  4670 | D:5      | Killed Menkaure
  5129 | D:5      | Reached skill level 6 in Long Blades
  5367 | D:5      | Reached XP level 8. HP: 8/70 MP: 7/7
  5374 | D:5      | Reached skill level 1 in Dodging
  5990 | D:6      | Found an opulent altar of Gozag.
  6167 | D:6      | Found a broken altar of Ashenzari.
  6211 | D:6      | Reached skill level 7 in Long Blades
  6556 | D:6      | Reached skill level 8 in Long Blades
  6605 | D:6      | Identified the ring of Vurphipt {rElec rC+ Str+3 Int+2
                  | Dex-5}
  6736 | D:7      | Noticed Harold
  6767 | D:7      | Killed Harold
  6768 | D:7      | Reached skill level 9 in Long Blades
  6768 | D:7      | Reached XP level 9. HP: 26/79 MP: 8/8
  7000 | D:7      | Found a staircase to the Ecumenical Temple.
  7022 | Temple   | Entered the Ecumenical Temple
  7351 | D:7      | Reached skill level 10 in Long Blades
  8092 | D:8      | Found a blossoming altar of Fedhas.
  8515 | D:8      | Reached skill level 11 in Long Blades
  8530 | D:8      | Reached XP level 10. HP: 45/88 MP: 9/9
  8763 | D:8      | Reached skill level 10 in Armour
  9071 | D:8      | Found a hazy altar of Hepliaklqana.
  9381 | D:8      | Got the Collected Works on Clay and Damage Dealing
  9484 | D:8      | Found an iron altar of Okawaru.
  9487 | D:8      | Found a sacrificial altar of Ru.
  9493 | D:8      | Became a worshipper of Warmaster Okawaru
  9499 | D:8      | Found a burning altar of Makhleb.
  9502 | D:8      | Found a sparkling altar of Nemelex Xobeh.
  9666 | D:8      | Noticed Psyche
  9670 | D:8      | Killed Psyche
 10143 | D:9      | Found a stormy altar of Qazlal.
 10268 | D:9      | Reached * piety under Okawaru
 10276 | D:9      | Reached skill level 12 in Long Blades
 10312 | D:9      | Reached ** piety under Okawaru
 10728 | D:9      | Found a glowing silver altar of Zin.
 11279 | D:10     | Entered Level 10 of the Dungeon
 11475 | D:10     | Reached skill level 1 in Stealth
 11501 | D:10     | Reached XP level 11. HP: 57/97 MP: 10/10
 11808 | D:10     | Noticed Sonja
 11834 | D:10     | Slain by Sonja

Illustrated notes

Levels and vault maps discovered:
D:1:      dpeg_arrival_stonehenge_12_columns, layout_rooms,
          shapermc_ecumenical_altar_mp_urbaneastern,
          wander_ebering_terrifying_dragon_lair
D:2:      cheibrodos_old_hovel, layout_basic, basic_altar
D:3:      minmay_chambers_of_threes, layout_basic
D:4:      layout_cave_pods
D:5:      layout_loops_ring, dk_vineyard_3, grunt_ministairs_7,
          chequers_serial_rivers_room_b, uniq_menkaure
D:6:      layout_rooms, lemuel_doored_altar, kennysheep_mini
D:7:      layout_cave_pools, minmay_temple_entry_proselytizer, uniq_harold
D:8:      layout_basic, grunt_temple_overflow_cloverleaf,
          mainiacjoe_overflow_cross_hatched, fedhas_ov_isle_minmay, uniq_psyche
D:9:      layout_layer_cave, nicolae_qazlal_scattered_showers, zin_statuary,
          st_stairs_8
D:10:     layout_gridville, erik_orc_4, kennysheep_generic_room_10, uniq_sonja
Temple:   pdpol_scorched_temple

Skill      XL: |  1  2  3  4  5  6  7  8  9 10 |
---------------+-------------------------------+-----
Fighting       | 4 5 6 7 8 9 |  9.2
Armour         | 4 5 6 7 8 9 11 | 11.8
Shields        | 4 5 6 7 |  7.7
Long Blades    | 3 4 6 9 11 12 | 12.8
Dodging        | 2 |  2.5
Stealth        | 1 |  1.0
Invocations    | |  0.1

Action                   |  1- 3 |  4- 6 |  7- 9 | 10-12 || total
-------------------------+-------+-------+-------+-------++-------
Melee: Long sword        |    96 |   118 |   311 |   233 ||   758
       Headbutt          |    15 |    19 |    51 |    53 ||   138
Invok: Heroism           |       |       |       |     2 ||     2
  Use: Potion            |     2 |     1 |     1 |       ||     4
       Scroll            |       |     5 |     3 |       ||     8
Armor: Scale mail        |    26 |       |       |       ||    26
       Plate armour      |    23 |    48 |   211 |   141 ||   423
Dodge: Dodged            |    44 |    38 |    98 |    58 ||   238
Block: Buckler           |    20 |    38 |    70 |    38 ||   166
